 Dungeon Crawl Stone Soup version 0.24-a0-164-g56e1b8f (webtiles) character file.

Game seed: 6624365574015258662

75 XanderDroid the Chopper (level 4, 0/40 HPs)
             Began as a Minotaur Berserker on Mar 6, 2019.
             Was a Believer of Trog.
             Slain by an adder (5 damage)
             ... on level 3 of the Dungeon.
             The game lasted 00:03:49 (1802 turns).

XanderDroid the Chopper (Minotaur Berserker)        Turns: 1802, Time: 00:03:49

Health: 0/40       AC:  3    Str: 22    XL:     4   Next: 11%
Magic:  3/3        EV: 12    Int:  4    God:    Trog [**....]
Gold:   77         SH:  0    Dex: 10    Spells: 3/3 levels left

rFire    . . .     SeeInvis .   a - +0 hand axe
rCold    . . .     Gourm    .   (no shield)
rNeg     . . .     Faith    .   j - +0 leather armour
rPois    .         Spirit   .   (helmet restricted)
rElec    .         Reflect  .   (no cloak)
rCorr    .         Harm     .   (no gloves)
MR       .....                  (no boots)
Stlth    +.........             (no amulet)
HPRegen  0.13/turn              (no ring)
MPRegen  0.08/turn              (no ring)

@: lethally poisoned (0 -> -14)
A: retaliatory headbutt, horns 2
a: Berserk, Trog's Hand, Renounce Religion


You were on level 3 of the Dungeon.
You worshipped Trog.
Trog was pleased with you.
You were not hungry.

You visited 1 branch of the dungeon, and saw 3 of its levels.

You collected 77 gold pieces.

Inventory:

Hand Weapons
 a - a +0 hand axe (weapon)
Armour
 j - a +0 leather armour (worn)
Scrolls
 d - a scroll of amnesia {unknown}
 e - 2 scrolls of identify {unknown}
Potions
 g - a potion of magic {unknown}
 h - a potion of agility {unknown}
 i - a potion of berserk rage {unknown}
Comestibles
 b - 2 chunks of flesh
 c - 6 rations


   Skills:
 + Level 4.2 Fighting
 * Level 4.7 Axes
 + Level 3.2 Armour
 + Level 2.8 Dodging


You had 3 spell levels left.
You didn't know any spells.
Your spell library was empty.

Dungeon Overview and Level Annotations

Branches:
Dungeon (3/15)

Altars:


Innate Abilities, Weirdness & Mutations

You reflexively headbutt those who attack you in melee.
You have a pair of horns on your head.


Message History

The adder bites you but does no damage.
You barely miss the adder.
The adder is almost dead.
You feel sick. The adder bites you.
* * * LOW HITPOINT WARNING * * *
The adder bites you.
* * * LOW HITPOINT WARNING * * *
You closely miss the adder.
The adder is almost dead.
You feel sick. The adder bites you.
* * * LOW HITPOINT WARNING * * *
You are more poisoned.
The adder poisons you!
You barely miss the adder.
The adder is almost dead.
The adder bites you.
* * * LOW HITPOINT WARNING * * *
You are more poisoned.
The adder poisons you! The adder bites you.
You die...

#.# #.# ###
#####.##### #..
...#...... #.#
#.#/.#### #.#
#....>... #.#
#.#..#### #S#
#.#..#
##@########.#..####
#.)..).<...#.......
#..####.###.#..###.
#..# #.# #.#.รท# #.
#..# #.###.#..###.
#... .............
#.## ####.........
#. #.##...... #. #.
#.####.


You could see an adder.

Vanquished Creatures
  2 adders
  An adder skeleton (D:2)
  A worm (D:2)
  A dart slug (D:1)
  3 leopard geckos
  3 ball pythons
  4 bats
  A bat skeleton (D:2)
  A bat zombie (D:2)
  3 giant cockroaches
  3 goblins
  5 hobgoblins
  A quokka (D:2)
  2 frilled lizards (D:1)
  A giant cockroach zombie (D:2)
  4 kobolds
  7 rats
43 creatures vanquished.

Notes
Turn   | Place    | Note
-------+----------+-------------------------------------------
     0 | D:1      | XanderDroid the Minotaur Berserker began the quest for the
                  | Orb.
     0 | D:1      | Reached XP level 1. HP: 19/19 MP: 0/0
   112 | D:1      | Reached XP level 2. HP: 24/27 MP: 1/1
   568 | D:2      | Reached XP level 3. HP: 13/33 MP: 2/2
  1244 | D:2      | Reached ** piety under Trog
  1686 | D:3      | Reached XP level 4. HP: 33/40 MP: 3/3
  1802 | D:3      | Slain by an adder

Levels and vault maps discovered:
D:1:      roderic_dead_forest, layout_basic
D:2:      layout_basic, first_ration, serial_undead, serial_undead_b,
          serial_undead_f, serial_undead_e, serial_undead_d, kennysheep_path_1
D:3:      layout_loops_ring, chequers_ecumenical_altar_simple,
          kennysheep_doodads

Skill      XL: |  1  2  3 |
---------------+----------+-----
Axes           | 4 |  4.7
Fighting       | 4 |  4.2
Armour         | 3 |  3.2
Dodging        | |  2.8

Action                   |  1- 3 |  4- 6 || total
-------------------------+-------+-------++-------
Melee: Hand axe          |    95 |    12 ||   107
       Headbutt          |    15 |     1 ||    16
 Stab: Sleeping          |     1 |       ||     1
  Eat: Chunk             |     2 |     1 ||     3
Armor: Animal skin       |    10 |       ||    10
       Leather armour    |    12 |     1 ||    13
Dodge: Dodged            |    70 |     6 ||    76

Table legend:
 A = Non-vault XP
 B = Vault XP
 C = Vault XP percentage of total XP
 D = Non-vault monster count
 E = Vault monster count
 F = Vault count percentage of total count
                 A         B        C        D         E       F
            +---------+---------+-------+---------+---------+-------
      Total |      98 |      10 |   9.3 |      39 |       4 |   9.3
            +---------+---------+-------+---------+---------+-------
        D:1 |      33 |       0 |   0.0 |      18 |       0 |   0.0
        D:2 |      48 |      10 |  17.2 |      18 |       4 |  18.2
        D:3 |      17 |       0 |   0.0 |       3 |       0 |   0.0
            +---------+---------+-------+---------+---------+-------
